 Dungeon Crawl Stone Soup version 0.24.0-37-gcf1ca852f1 (webtiles) character file.

Game seed: 8377646757477726507, levelgen mode: deterministic

3849 Belissa the Skirmisher (level 9, -10/80 HPs)
             Began as a Minotaur Berserker on Dec 1, 2019.
             Was an Elder of Trog.
             Mangled by a two-headed ogre
             ... wielding a +0 dire flail
              (21 damage)
             ... on level 8 of the Dungeon on Dec 8, 2019.
             The game lasted 04:03:18 (6991 turns).

Belissa the Skirmisher (Minotaur Berserker)         Turns: 6991, Time: 04:03:20

Health: -10/80     AC: 13    Str: 26    XL:     9   Next: 98%
Magic:  9/9        EV: 17    Int:  4    God:    Trog [****..]
Gold:   468        SH:  0    Dex: 13    Spells: 8/8 levels left

rFire    . . .     SeeInvis .   n - +1 hunting sling
rCold    . . .     Gourm    .   (no shield)
rNeg     + . .     Faith    .   i - +2 ring mail {rN+}
rPois    .         Spirit   .   (helmet restricted)
rElec    .         Reflect  .   x - +0 cloak
rCorr    .         Harm     .   (no gloves)
MR       .....                  w - +2 pair of boots
Stlth    ++........             (no amulet)
HPRegen  0.23/turn              k - +4 ring of strength
MPRegen  0.11/turn              B - +3 ring of evasion

@: no status effects
A: retaliatory headbutt, horns 2
a: Berserk, Trog's Hand, Brothers in Arms, Renounce Religion


You were on level 8 of the Dungeon.
You worshipped Trog.
Trog was greatly pleased with you.
You were not hungry.

You visited 1 branch of the dungeon, and saw 8 of its levels.

You collected 468 gold pieces.

Inventory:

Hand Weapons
 g - a +0 mace of draining
 n - a +1 hunting sling (weapon)
 t - a +1 flail of protection
 C - a +0 dire flail
 D - a +4 hand axe of freezing
Missiles
 a - 30 sling bullets
 e - 36 poisoned darts
 m - 83 stones (quivered)
Armour
 i - a +2 ring mail of positive energy (worn)
 v - a +2 leather armour of magic resistance
 w - a +2 pair of boots (worn)
 x - a +0 cloak (worn)
Jewellery
 k - a +4 ring of strength (left hand)
 o - an uncursed ring of stealth
 r - an uncursed ring of positive energy
 B - a +3 ring of evasion (right hand)
Wands
 j - a wand of scattershot (4)
 q - a wand of acid (9)
 s - a wand of clouds (8)
Scrolls
 b - a scroll of magic mapping
 d - 8 scrolls of teleportation
 f - a scroll of fear
 u - a scroll of remove curse
Potions
 h - a potion of resistance
 p - a potion of agility
 z - a potion of haste
Comestibles
 c - 10 rations
 E - a chunk of flesh


   Skills:
 + Level 7.7 Fighting
 + Level 7.7 Maces & Flails
 + Level 6.0(6.9) Slings
 + Level 4.7(5.9) Throwing
 + Level 7.0 Armour
 + Level 6.5 Dodging
 - Level 3.2 Stealth
 - Level 2.2 Evocations


You had 8 spell levels left.
You didn't know any spells.
Your spell library was empty.

Dungeon Overview and Level Annotations

Branches:
Dungeon (8/15)             Temple (0/1) D:4
   Lair: D:8-11

Altars:
Ashenzari
Dithmenos
Gozag
Makhleb
Ru
Sif Muna
Uskayaw
Xom

Annotations:
D:5 2 transporters, TheNamelessOne's ghost, novice VSFi


Innate Abilities, Weirdness & Mutations

You reflexively headbutt those who attack you in melee.
You have a pair of horns on your head.


Message History

You shoot a stone. The stone hits the wight.
You destroy the wight!
Trog accepts your kill. Something appears at your feet!
Trog grants you ammunition! Something hits you.
* * * LOW HITPOINT WARNING * * *
An orc warrior comes into view. It is wielding a +0 scimitar.
The two-headed ogre closely misses you. The two-headed ogre misses you.
Firing (i - inventory. (/) - cycle)
m - 84 stones (quivered)
Press: ? - help, Shift-Dir - straight line, f - two-headed ogre
Aim: a two-headed ogre, wielding a +0 dire flail and a +0 giant spiked club (severely wounded)
You shoot a stone. The stone hits the two-headed ogre.
The two-headed ogre is severely wounded.
You hear some strange, mumbled words.
A magic dart appears from out of thin air!
The magic dart hits you.
* * * LOW HITPOINT WARNING * * *
The two-headed ogre hits you with a +0 dire flail!!
You die...

#.........#
#.........#
#.........#
#####..##.####
######))......# #
#....##'##..#+#.#
#.......)...(...#
#..........)....#
#.........@.....#
#....######OY##.#
#.... o(... #....
.(...# #...
...(.# #...
o...(# #.. .....#
...(..


You could see a two-headed ogre, an orc warrior, an ice beast and an orc.

Vanquished Creatures
  Grinder (D:6)
  A hippogriff (D:7)
  Sigmund (D:3)
  A hungry ghost (D:3)
  Edmund (D:6)
  Duvessa (D:4)
  2 orc warriors
  2 black bears
  A phantom (D:5)
  An ice beast (D:8)
  3 ogres
  2 centaurs
  A big kobold (D:8)
  2 bullfrogs
  Dowan (D:4)
  2 scorpions
  9 wights
  3 killer bees (D:7)
  2 howler monkeys
  A crimson imp (D:7)
  A jelly (D:8)
  3 orc priests
  Crazy Yiuf (D:6)
  2 centaur skeletons
  8 orc wizards
  A bullfrog skeleton (D:4)
  4 hounds
  An iguana (D:7)
  5 worker ants
  A howler monkey skeleton (D:4)
  15 adders
  3 shadow imps
  An ooze (D:3)
  An adder skeleton (D:4)
  2 worms
  A dart slug (D:2)
  9 leopard geckos
  20 orcs
  2 ball pythons
  6 giant cockroaches
  10 goblins
  10 hobgoblins
  6 jackals
  4 quokkas
  15 bats
  4 frilled lizards
  A jackal skeleton (D:8)
  A jackal zombie (D:6)
  12 kobolds
  8 rats
  A plant (D:4)
197 creatures vanquished.

Notes
Turn   | Place    | Note
-------+----------+-------------------------------------------
     0 | D:1      | Belissa the Minotaur Berserker began the quest for the Orb.
     0 | D:1      | Reached XP level 1. HP: 19/19 MP: 0/0
   211 | D:1      | Reached XP level 2. HP: 24/27 MP: 1/1
  1078 | D:2      | Reached ** piety under Trog
  1096 | D:2      | Reached XP level 3. HP: 33/33 MP: 2/2
  1518 | D:2      | Found a hide-covered altar of Uskayaw.
  1726 | D:2      | Found an opulent altar of Gozag.
  2048 | D:2      | Reached XP level 4. HP: 38/41 MP: 3/3
  2095 | D:3      | Noticed Sigmund
  2110 | D:3      | Killed Sigmund
  2110 | D:3      | Reached skill level 1 in Throwing
  2110 | D:3      | Reached skill level 1 in Stealth
  2110 | D:3      | Reached XP level 5. HP: 22/47 MP: 4/4
  2110 | D:3      | Reached XP level 6. HP: 25/53 MP: 5/5
  2504 | D:3      | Noticed a hungry ghost
  2518 | D:3      | Killed a hungry ghost
  2518 | D:3      | Reached skill level 5 in Fighting
  2540 | D:3      | Reached skill level 5 in Maces & Flails
  2686 | D:3      | Reached *** piety under Trog
  2798 | D:3      | Found a shattered altar of Ashenzari.
  3010 | D:4      | Reached skill level 1 in Evocations
  3010 | D:4      | Reached XP level 7. HP: 61/61 MP: 6/6
  3432 | D:4      | Noticed Dowan
  3433 | D:4      | Noticed Duvessa
  3452 | D:4      | Killed Duvessa
  3453 | D:4      | Killed Dowan
  3477 | D:4      | Found a staircase to the Ecumenical Temple.
  3591 | D:4      | Found an opulent altar of Gozag.
  3593 | D:4      | Found a shimmering blue altar of Sif Muna.
  3593 | D:4      | Found a shimmering altar of Xom.
  3595 | D:4      | Found a burning altar of Makhleb.
  3595 | D:4      | Found an opulent altar of Gozag.
  3595 | D:4      | Found a shadowy altar of Dithmenos.
  3706 | D:5      | Entered Level 5 of the Dungeon
  3948 | D:5      | Noticed TheNamelessOne's ghost (novice VSFi)
  3949 | D:5      | Found a transporter.
  3953 | D:5      | Found a transporter.
  4189 | D:5      | Reached XP level 8. HP: 69/70 MP: 8/8
  4232 | D:5      | Reached skill level 5 in Armour
  4745 | D:6      | Reached **** piety under Trog
  4843 | D:6      | Reached skill level 5 in Dodging
  4955 | D:6      | Found a shimmering blue altar of Sif Muna.
  5049 | D:6      | Noticed Edmund
  5059 | D:6      | Killed Edmund
  5293 | D:6      | Noticed Grinder
  5309 | D:6      | Killed Grinder
  5366 | D:6      | Found a runed translucent door.
  5367 | D:6      | Noticed Crazy Yiuf
  5378 | D:6      | Killed Crazy Yiuf
  5378 | D:6      | Reached XP level 9. HP: 78/78 MP: 9/9
  5789 | D:7      | Reached skill level 5 in Slings
  5838 | D:7      | Found a sacrificial altar of Ru.
  6495 | D:7      | Received a gift from Trog
  6967 | D:8      | Noticed a two-headed ogre
  6990 | D:8      | Received a gift from Trog
  6991 | D:8      | Mangled by a two-headed ogre

Levels and vault maps discovered:
D:1:      eino_arrival_water_star, layout_basic
D:2:      layout_loops_cross, grunt_gozag_breadcrumbs, marbit_many_paths,
          first_ration
D:3:      layout_rooms, ashenzari_conservatory_becter, kennysheep_small_spiral,
          st_stairs_10, grunt_ministairs_14, minmay_divided_ellipse,
          uniq_sigmund
D:4:      layout_loops_ring, doesnt_xom_only_xom, minmay_temple_entry_waves,
          serial_bayou_lagoon_a, uniq_duvessa
D:5:      layout_loops_corners, gammafunk_ghost_hive, grunt_ministairs_8
D:6:      layout_basic, led_sif_book, nrook_campfire, uniq_grinder, uniq_edmund,
          uniq_crazy_yiuf_cottage
D:7:      layout_loops_corners, nicolae_ru_awakened_eye
D:8:      layout_basic, wad_dig_loot, uniq_psyche

Skill      XL: |  1  2  3  4  5  6  7  8  9 |
---------------+----------------------------+-----
Maces & Flails | 4 5 6 7 |  7.7
Fighting       | 4 5 6 7 |  7.7
Armour         | 3 4 5 7 |  7.0
Dodging        | 3 4 5 6 |  6.5
Slings         | 2 3 4 6 |  6.0
Throwing       | 1 2 3 4 |  4.7
Stealth        | 1 2 3 |  3.2
Evocations     | 1 2 |  2.2

Action                   |  1- 3 |  4- 6 |  7- 9 || total
-------------------------+-------+-------+-------++-------
Melee: Mace              |    82 |    41 |    91 ||   214
       Headbutt          |    10 |     8 |    44 ||    62
       Morningstar       |       |       |    24 ||    24
       Flail             |       |       |    29 ||    29
       Dire flail        |       |       |    34 ||    34
       Quarterstaff      |       |       |     3 ||     3
 Fire: Hunting sling     |    22 |    95 |   266 ||   383
Throw: Dart              |       |     4 |    33 ||    37
Invok: Trog's Hand       |       |     1 |     3 ||     4
       Berserk           |       |     1 |     1 ||     2
  Use: Scroll            |    10 |     6 |     6 ||    22
       Potion            |     1 |     2 |     3 ||     6
 Stab: Sleeping          |     1 |       |       ||     1
  Eat: Chunk             |     3 |     5 |    15 ||    23
Armor: Animal skin       |     2 |       |       ||     2
       Ring mail         |    27 |    21 |    32 ||    80
       Robe              |       |     2 |       ||     2
       Leather armour    |       |       |    26 ||    26
Dodge: Dodged            |    53 |    41 |   131 ||   225
